 Dungeon Crawl Stone Soup version 0.30-a0-778-g2ef04afb54 (webtiles) character file.

Game seed: 5546900024032304811

1674 Firecrotchwizard the Slasher (level 8, -2/66 (74) HPs)
             Began as an Armataur Fighter on Feb 17, 2023.
             Was a Believer of Okawaru.
             Slain by a wight
             ... wielding a +2 halberd of freezing
              (3 damage)
             ... on level 7 of the Dungeon.
             The game lasted 00:15:47 (6042 turns).

Firecrotchwizard the Slasher (Armataur Fighter)     Turns: 6042, Time: 00:15:48

HP:   -2/66 (74)    AC: 11    Str: 24    XL:     8   Next: 70%
MP:   11/11         EV:  5    Int:  8    God:    Okawaru [**....]
Gold: 288           SH:  4    Dex: 10    Spells: 7/7 levels left

rFire   . . .      SeeInvis .    i - +2 whip (elec)
rCold   . . .      Faith    .    c - +0 buckler
rNeg    . . .      Spirit   .    f - +0 chain mail
rPois   .          Reflect  .    (no helmet)
rElec   .          Harm     .    (no cloak)
rCorr   .          Roll     +    w - +2 pair of gloves
Will    .....                    (no barding) Stlth
                                 (no amulet)
HPRegen 0.31/turn                (no ring)
MPRegen 0.12/turn                (no ring)

@: heavily drained
A: large, rugged brown scales 3, deformed body, armoured tail, roll, long
tongue, awkward tongue
a: Renounce Religion, Heroism


You were on level 7 of the Dungeon.
You worshipped Okawaru.
Okawaru was pleased with you.
You visited 2 branches of the dungeon, and saw 8 of its levels.

You collected 321 gold pieces.
You spent 33 gold pieces at shops.

Inventory:

Hand Weapons
 a - a +0 long sword
 g - a +2 dagger of draining
   (You took it off a goblin on level 1 of the Dungeon)
 i - a +2 whip of electrocution (weapon)
   (You took it off a kobold on level 2 of the Dungeon)
 p - a +2 short sword of venom
   (You took it off a kobold on level 2 of the Dungeon)
Missiles
 k - a boomerang
 s - 36 stones (quivered)
 A - 17 poisoned darts
Armour
 b - a +0 scale mail
 c - a +0 buckler (worn)
 f - a +0 chain mail (worn)
   (You found it on level 1 of the Dungeon)
 w - a +2 pair of gloves (worn)
   (You found it on level 5 of the Dungeon)
Magical Staves
 h - a staff of death {rN+}
   (You found it on level 1 of the Dungeon)
 l - a staff of cold {rC+}
   (You found it on level 4 of the Dungeon)
 x - a staff of conjuration
   (You found it on level 5 of the Dungeon)
 C - a staff of death {rN+}
   (You found it on level 3 of the Dungeon)
Jewellery
 I - a +6 ring of intelligence
   (You found it on level 6 of the Dungeon)
Scrolls
 d - 6 scrolls of identify {@r1}
 E - 2 scrolls of fear
 Y - 3 scrolls of teleportation {@r3}
Potions
 e - a potion of magic {unknown}
 j - a potion of degeneration {unknown}
 m - 3 potions of berserk rage {unknown}
 o - a potion of ambrosia {unknown}
 r - a potion of haste {unknown}
 t - a potion of attraction {unknown}
 z - 2 potions of brilliance {unknown}
 B - a potion of flight {unknown}
 J - 4 potions of curing {@q1}
 M - a potion of might
 N - 2 potions of heal wounds {@q2}


   Skills:
 - Level 5.8 Fighting
 * Level 7.7 Long Blades
 - Level 3.6 Armour
 + Level 3.4 Shields
 + Level 4.7 Invocations


You had 7 spell levels left.
You didn't know any spells.
Your spell library contained the following spells:

 Spells                   Type           Power      Damage    Failure   Level
 Static Discharge         Conj/Air       0%         2-2/arc   99%         2
 Vhi's Electric Charge    Tloc/Air       0%         N/A       100%        3
 Arcjolt                  Conj/Air       0%         1d10      100%        5
 Lightning Bolt           Conj/Air       0%         1d11      100%        5


Dungeon Overview and Level Annotations

Branches:
Dungeon (7/15)             Temple (1/1) D:5

Altars:
Dithmenos
Fedhas
Kikubaaqudgha
Okawaru
Qazlal
Ru
Trog
Uskayaw
Wu Jian
Zin
The Shining One

Shops:
D:2 *


Innate Abilities, Weirdness & Mutations

You are completely covered in rugged brown scales. (AC +3, +7% HP)
Armour fits poorly on your strangely shaped body.
You have a long armoured tail.
You roll when moving toward enemies. (Rampage)
Your long tongue fully drains potion bottles. (2x potion effects)
Your tongue gives you trouble enunciating. (1.5x scroll delay)


Message History

You kill the kobold!
Okawaru accepts your kill.
You hit the white imp.
Lightning courses through the white imp!
You kill the white imp!
Okawaru accepts your kill.
You barely miss the kobold.
Your tail-slap misses the kobold.
The kobold barely misses you.
You barely miss the kobold. You tail-slap the kobold.
You kill the kobold!
Okawaru accepts your kill.
s - 33 stones (gained 3);
A - 15 poisoned darts (gained 4)
There is an open door, spattered with blood here.
Items here: ))))))) ††††.
Okay, then.
s - 36 stones (gained 3)
Things that are here:
a +2 whip of electrocution; a kobold corpse
n - a +2 whip of electrocution You drop a +2 whip of electrocution.
Found a stone staircase leading down.
You now have 288 gold pieces (gained 13).
A - 16 poisoned darts (gained 1)
A - 17 poisoned darts (gained 1)
Found a blossoming altar of Fedhas.
Found an escape hatch in the ceiling and an escape hatch in the floor.
A wight comes into view. It is wielding a +3 halberd.
The wight barely misses you.
You roll towards the wight!
You barely miss the wight. The wight hits you with a +3 halberd.
You feel drained. You block the wight's attack.
You take 1 damage, and have 73/73 hp.
You closely miss the wight. You block the wight's attack.
You hit the wight but do no damage.
Your tail-slap misses the wight.
You block the wight's attack.
Unknown command.
You hit the wight but do no damage. The wight hits you with a +3 halberd.
You feel drained.
You take 7 damage, and have 66/71 hp.
You closely miss the wight. You block the wight's attack.
You hit the wight. Lightning courses through the wight!
You tail-slap the wight.
You destroy the wight!
Okawaru accepts your kill.
Things that are here:
a +3 halberd; a +0 robe Search for what [Enter for "arm", or ? for help]? long A wight comes into view.
It is wielding a +2 hand axe.
Health restored: 73 A wight comes into view.
It is wielding a +2 halberd of freezing.
Things that are here:
a +3 halberd; a +0 robe You closely miss the wight.
The wight hits you with a +2 hand axe!
You feel drained.
You take 10 damage, and have 63/71 hp.
You barely miss the wight. The wight hits you but does no damage.
The wight barely misses you.
You hit the wight.
Your tail-slap misses the wight.
The wight hits you from afar with a +2 halberd of freezing.
You feel drained. The wight freezes you. The wight hits you but does no damage.
You take 4 damage, and have 60/69 hp.
You closely miss the wight. You tail-slap the wight.
The wight hits you from afar with a +2 halberd of freezing!
The wight freezes you. The wight hits you with a +2 hand axe!
You take 30 damage, and have 30/69 hp.
MASSIVE DAMAGE!!
You hit the wight.
The wight hits you from afar with a +2 halberd of freezing.
You feel drained. The wight freezes you. The wight hits you but does no damage.
You take 7 damage, and have 23/67 hp.
You hit the wight.
The wight hits you but does no damage. x2
You whack the wight! Lightning courses through the wight!!
You destroy the wight!
Okawaru accepts your kill. The wight barely misses you.
The wight hits you from afar with a +2 halberd of freezing.
* * * LOW HITPOINT WARNING * * *
You feel drained.
* * * LOW HITPOINT WARNING * * *
The wight freezes you.
* * * LOW HITPOINT WARNING * * *
You take 9 damage, and have 14/68 hp.
You roll towards the wight!
You hit the wight. You tail-slap the wight.
The wight hits you with a +2 halberd of freezing.
* * * LOW HITPOINT WARNING * * *
The wight freezes you.
* * * LOW HITPOINT WARNING * * *
You take 4 damage, and have 10/68 hp.
You hit the wight. Lightning courses through the wight!
The wight barely misses you.
You closely miss the wight.
Your tail-slap misses the wight.
The wight hits you with a +2 halberd of freezing!
* * * LOW HITPOINT WARNING * * *
You feel drained.
* * * LOW HITPOINT WARNING * * *
The wight freezes you.
You die...

#.....).........##.~≈≈~PPP.P~≈~~.
#####)#########..#..≈≈~~♣>P~~≈~..
#.# ##.##.~~≈≈≈~~~≈≈~.. #####.##
#.....~≈≈≈≈≈≈~~... .......#
#####..~~≈≈≈~~.... .......####
#####z.z.~~~......
.......+..######....)#...........
.......##.#....#z###.###.........
........#......#@#...# #.........
...............#.#.### #.......##
.......###.....#.#.#####.....?.#
.......# #.....#.#....##.......#
.......# #.....#.####.##.......#
.......###.....#.#<...##.......#
.......+.......#...#..#
.......###.....###.# .# ########
#.........# #


You could see a wight.

Vanquished Creatures
  A wyvern (D:5)
  A water moccasin (D:6)
  A black bear (D:5)
  A sky beast (D:4)
  2 phantoms
  A kobold brigand (D:7)
  2 necrophages
  2 scorpions
  5 wights
  4 hounds
  2 jellies
  2 orc priests (D:5)
  Terence (D:2)
  6 gnolls
  6 adders
  A shadow imp (D:4)
  A white imp (D:7)
  An ufetubus (D:6)
  7 worms
  A dart slug (D:1)
  15 orcs
  5 bats
  3 endoplasms
  5 giant cockroaches
  4 goblins
  9 hobgoblins
  6 jackals
  19 kobolds
  4 quokkas (D:3)
  6 ball pythons
  A frilled lizard (D:1)
  4 rats
  A spectral kobold (D:1)
130 creatures vanquished.

Notes
Turn   | Place    | Note
-------+----------+-------------------------------------------
     0 | D:1      | Firecrotchwizard the Armataur Fighter began the quest for
                  | the Orb.
     0 | D:1      | Reached XP level 1. HP: 19/19 MP: 1/1
    65 | D:1      | Reached skill level 2 in Long Blades
   172 | D:1      | Found a faded altar of an unknown god.
   263 | D:1      | Reached XP level 2. HP: 25/26 MP: 2/2
   622 | D:1      | Reached skill level 3 in Fighting
  1067 | D:2      | Reached XP level 3. HP: 33/33 MP: 3/3
  1096 | D:2      | Noticed Terence
  1106 | D:2      | HP: 7/33 [Terence/+0 mace (5)]
  1121 | D:2      | Killed Terence
  1122 | D:2      | Reached skill level 3 in Long Blades
  1301 | D:2      | Found Ilogarir's General Store.
  1315 | D:2      | Bought a scroll of teleportation for 33 gold pieces
  1350 | D:2      | Reached XP level 4. HP: 36/40 MP: 4/4
  1715 | D:2      | HP: 8/40 [gnoll/+0 spear (4)]
  1966 | D:3      | Found a glowing golden altar of the Shining One.
  2063 | D:3      | Reached skill level 4 in Long Blades
  2290 | D:3      | You fall into a shaft and drop 3 floors!
  2326 | D:6      | Reached XP level 5. HP: 46/49 MP: 5/5
  2358 | D:5      | Entered Level 5 of the Dungeon
  2374 | D:5      | Found a staircase to the Ecumenical Temple.
  2386 | Temple   | Entered the Ecumenical Temple
  2431 | Temple   | Became a worshipper of Warmaster Okawaru
  2514 | D:5      | Noticed a black bear
  2531 | D:5      | Killed a black bear
  2532 | D:5      | Reached skill level 4 in Fighting
  2532 | D:5      | Reached skill level 1 in Invocations
  2858 | D:4      | Noticed a sky beast
  2858 | D:4      | Noticed a phantom
  2869 | D:4      | HP: 11/49 [sky beast (5)]
  2940 | D:3      | Reached XP level 6. HP: 34/55 MP: 6/6
  3842 | D:3      | Reached skill level 5 in Long Blades
  4002 | D:4      | Reached skill level 2 in Invocations
  4142 | D:4      | Found a hide-covered altar of Uskayaw.
  4158 | D:4      | Reached * piety under Okawaru
  4159 | D:4      | Reached XP level 7. HP: 58/64 MP: 8/8
  4489 | D:4      | Reached skill level 6 in Long Blades
  4489 | D:4      | Reached skill level 3 in Invocations
  4754 | D:5      | Noticed a wyvern
  4758 | D:5      | Killed a wyvern
  4759 | D:5      | Reached skill level 5 in Fighting
  4863 | D:5      | Reached XP level 8. HP: 39/72 MP: 10/10
  5397 | D:5      | Found an ornate altar of the Wu Jian Council.
  5399 | D:5      | Reached ** piety under Okawaru
  5569 | D:6      | Reached skill level 4 in Invocations
  5570 | D:6      | Reached skill level 7 in Long Blades
  5941 | D:7      | Found a blossoming altar of Fedhas.
  6039 | D:7      | HP: 16/66 [wight/+2 halberd of freezing (2)]
  6042 | D:7      | HP: 3/68 [wight/+2 halberd of freezing (7)]
  6042 | D:7      | HP: 1/66 [wight/+2 halberd of freezing (2)]
  6042 | D:7      | Slain by a wight

Illustrated notes

Levels and vault maps discovered:
D:1:      mrwooster_arrival_statue_2, layout_basic,
          dreamdust_ecumenical_altar_drowned_temple
D:2:      layout_basic, serial_shops, nicolae_square_shop,
          hangedman_decor_points, minmay_pentomino_v4, uniq_terence
D:3:      layout_basic, tso_metal_star, portal_sewer_entry_f,
          chequers_serial_rivers_micro_c
D:4:      layout_rooms, lemuel_doored_altar
D:5:      layout_loops_ring, nicolae_wu_jian_immortal_techniques, temple_pool_b
D:6:      layout_basic, uniq_maggie
D:7:      layout_basic, fedhas_ov_isle_minmay
Temple:   minmay_crystal_spiral_temple

Skill      XL: |  1  2  3  4  5  6  7  8 |
---------------+-------------------------+-----
Long Blades    | 2 3 4 5 6 7 |  7.7
Fighting       | 3 4 5 |  5.8
Invocations    | 1 2 3 4 |  4.7
Armour         | |  3.6
Shields        | |  3.4

Action                     |  1- 3 |  4- 6 |  7- 9 || total
---------------------------+-------+-------+-------++-------
  Melee: Long sword        |    14 |       |       ||    14
         Tailslap          |     6 |    14 |    19 ||    39
         Dagger            |    31 |       |       ||    31
         Short sword       |    38 |    78 |       ||   116
         Whip              |       |   127 |   161 ||   288
  Throw: Stone             |       |     5 |       ||     5
         Dart              |       |       |     4 ||     4
    Use: Potion            |       |     1 |       ||     1
         Scroll            |       |    10 |     3 ||    13
 Armour: Scale mail        |    14 |       |       ||    14
         Chain mail        |    14 |   115 |    74 ||   203
  Dodge: Dodged            |    18 |    65 |    23 ||   106
  Block: Buckler           |     9 |    52 |    30 ||    91

Table legend: (Time is in decaauts)
 A = Elapsed time spent in this place.
 B = Non-inter-level travel time spent in this place.
 C = Inter-level travel time spent in this place.
 D = Time resting spent in this place.
 E = Time spent auto-exploring this place.
 F = Levels seen in this place.
 G = Mean time per level.
                   A        B        C        D        E       F      G
               +--------+--------+--------+--------+--------+-----+--------+
         Total |   6081 |   5823 |    258 |    470 |   4262 |   8 |  760.1 |
       Dungeon |   6005 |   5778 |    227 |    470 |   4224 |   7 |  857.9 |
        Temple |     76 |     45 |     31 |      0 |     38 |   1 |   76.0 |
               +--------+--------+--------+--------+--------+-----+--------+

Top non-repeatable levels by time:
     D:3: 1322 daAuts
     D:5: 1152 daAuts
     D:2: 1079 daAuts
     D:4: 1017 daAuts
     D:1: 860 daAuts
     D:6: 383 daAuts
     D:7: 189 daAuts
  Temple: 76 daAuts

Table legend:
 A = Kills in this place as a percentage of kills in entire the game.
 B = Kills by you in this place as a percentage of kills by you in the entire game.
 C = Kills by friends in this place as a percentage of kills by friends in the entire game.
 D = Other kills in this place as a percentage of other kills in the entire game.
 E = Experience gained in this place as a percentage of experience gained in the entire game.
 F = Experience gained in this place divided by the number of levels of this place that you have seen.
                   A       B       C       D       E      F
               +-------+-------+-------+-------+-------+----------------------
         Total | 100.0 | 100.0 |   N/A |   N/A | 100.0 | 299.0
       Dungeon | 100.0 | 100.0 |   N/A |   N/A | 100.0 | 341.7
               +-------+-------+-------+-------+-------+----------------------
